 Dungeon Crawl Stone Soup version 0.23.1-41-g7e51ed32d8 (webtiles) character file.

Game seed: 12719684334318529861

53 PentaManta the Skirmisher (level 3, -3/26 HPs)
             Began as an Octopode Fighter on Mar 30, 2019.
             Slain by a wight
             ... wielding a +2 halberd
              (12 damage)
             ... on level 3 of the Dungeon.
             The game lasted 00:02:16 (2105 turns).

PentaManta the Skirmisher (Octopode Fighter)        Turns: 2105, Time: 00:02:16

Health: -3/26      AC:  1    Str: 18    XL:     3   Next: 89%
Magic:  7/12       EV: 11    Int: 10    God:
Gold:   52         SH:  8    Dex: 12    Spells: 2/2 levels left

rFire    . . .     SeeInvis .   a - +0 long sword
rCold    . . .     Gourm    .   b - +0 shield
rNeg     . . .     Faith    .   (helmet restricted)
rPois    .         Spirit   .   (no amulet)
rElec    .         Reflect  .   i - ring of flight
rCorr    .         Harm     .   p - +3 ring of strength
MR       .....                  q - ring of magical power
Stlth    ++........             (no ring)
HPRegen  0.08/turn              (no ring)
MPRegen  0.13/turn              (no ring)
                                (no ring)
                                (no ring)

@: lightly drained
A: almost no armour, stealthy swim, amphibious, 8 rings, constrict 8, camouflage
1, gelatinous body 1
a: Evoke Flight


You were on level 3 of the Dungeon.
You were not hungry.

You visited 1 branch of the dungeon, and saw 3 of its levels.

You collected 52 gold pieces.

Inventory:

Hand Weapons
 a - a +0 long sword (weapon)
Armour
 b - a +0 shield (worn)
Jewellery
 i - a ring of flight (left tentacle)
 p - a +3 ring of strength (right tentacle)
 q - a ring of magical power (on tentacle)
Scrolls
 e - a scroll of teleportation {unknown}
 h - 5 scrolls of identify {unknown}
 j - a scroll of amnesia {unknown}
 k - 2 scrolls of remove curse {unknown}
 m - 2 scrolls of enchant armour {unknown}
Potions
 c - a potion of might
 f - a potion of magic {unknown}
 g - a potion of haste {unknown}
 l - a potion of agility {unknown}
 n - a potion of brilliance {unknown}
 o - a potion of cancellation {unknown}
Comestibles
 d - 8 rations


   Skills:
 + Level 3.6(3.3) Fighting
 * Level 3.5(3.2) Long Blades
 - Level 3.0(2.7) Dodging
 - Level 3.0(2.7) Shields


You had 2 spell levels left.
You didn't know any spells.
Your spell library was empty.

Dungeon Overview and Level Annotations

Branches:
Dungeon (3/15)

Altars:


Innate Abilities, Weirdness & Mutations

You cannot wear most types of armour.
You are very stealthy in the water. (Stealth+)
You are amphibious.
You can wear up to eight rings at the same time.
You can use your tentacles to constrict eight enemies at once.
Your skin changes colour to match your surroundings (Stealth+).
Your rubbery body absorbs attacks. (AC +1, EV +1)


Message History

p - a +3 ring of strength (right tentacle) Put on which piece of jewellery? (? for menu, Esc to quit)
You feel your magic capacity increase.
q - a ring of magical power (on tentacle)
A wight comes into view. It is wielding a +2 halberd.
Found 19 arrows.
A wight is nearby!
A wight is nearby!
A wight comes into view. It is wielding a +0 short sword.
The wight completely misses you.
You riposte.
You barely miss the wight. Your grab misses the wight.
You closely miss the wight. Your grab misses the wight.
Your squeeze misses the wight. The wight hits you with a +2 halberd.
You feel drained.
You hit the wight but do no damage. Your grab misses the wight.
The wight hits you with a +2 halberd!
You hit the wight. You grab the wight.
The wight is moderately damaged.
You constrict the wight. The wight hits you with a +2 halberd!
You die...

#.........
#######.........
................
######.#.......
#.#.###### #.###
#.#
##########.#####
#.@............#
#z########.....#
#.# #.....# #.#
#.....# #.#
#.....# ...
####### (.. ...
...z.


You could see a wight.

Vanquished Creatures
  An adder (D:2)
  3 dart slugs
  A leopard gecko (D:2)
  3 giant cockroaches
  4 goblins
  8 hobgoblins
  4 bats (D:1)
  2 frilled lizards (D:1)
  7 kobolds
  2 rats (D:1)
35 creatures vanquished.

Notes
Turn   | Place    | Note
-------+----------+-------------------------------------------
     0 | D:1      | PentaManta the Octopode Fighter began the quest for the
                  | Orb.
     0 | D:1      | Reached XP level 1. HP: 16/16 MP: 1/1
   379 | D:1      | Reached XP level 2. HP: 21/21 MP: 2/2
   726 | D:2      | Reached XP level 3. HP: 26/26 MP: 3/3
  2105 | D:3      | Slain by a wight

Skill      XL: |  1  2 |
---------------+-------+-----
Long Blades    | 3 |  3.5
Fighting       | |  3.6
Dodging        | |  3.0
Shields        | |  3.0

Action                   || total
-------------------------++-------
Melee: Long sword        ||    64
       Tentacles         ||    10
       Constrict         ||    18
 Stab: Sleeping          ||     3
  Eat: Ration            ||     1
Armor: Skin              ||     7
Dodge: Dodged            ||    19
Block: Shield            ||    23
       Rpst.: Long sword ||     4
